 Dungeon Crawl Stone Soup version 0.31.0-12-g77e489cdc1 (webtiles) character file.

Game seed: 488500140674972223

112 lordive the Cudgeller (level 4, -7/45 HPs)
             Began as an Oni Gladiator on Mar 2, 2024.
             Mangled by a gnoll bouda
             ... wielding a +0 whip
              (14 damage)
             ... on level 3 of the Dungeon.
             The game lasted 00:02:49 (2308 turns).

lordive the Cudgeller (Oni Gladiator)               Turns: 2308, Time: 00:02:49

Health: -7/45      AC:  3    Str: 24    XL:     4   Next: 95%
Magic:  13/13      EV: 10    Int:  9    God:
Gold:   193        SH:  0    Dex: 10    Spells: 3/3 levels left

rFire   . . .        a - +0 flail
rCold   . . .        (no shield)
rNeg    . . .        b - +0 robe
rPois   +            c - +0 hat
rElec   .            (no cloak)
rCorr   .            (gloves unavailable)
SInv    .            (boots unavailable)
Will    .....        (no amulet)
Stlth   +            x - ring "Keq Adusk" {Fly rPois MP+9 Str+4 Slay+4}
HPRegen 0.27/turn    (no ring)
MPRegen 0.13/turn

%: no passive effects
@: weakened, flying
A: large, unfitting armour, horns 1, tough skin 1, double potion healing,
drunken brawling
a: no special abilities


You were on level 3 of the Dungeon.
You visited 1 branch of the dungeon, and saw 3 of its levels.

You collected 193 gold pieces.

Inventory:

Hand Weapons
 a - a +0 flail (weapon)
Missiles
 d - 5 throwing nets (quivered)
 e - a large rock
Armour
 b - a +0 robe (worn)
 c - a +0 hat (worn)
Jewellery
 f - an amulet of faith
 t - an amulet of magic regeneration
 x - the ring "Keq Adusk" (left hand) {Fly rPois MP+9 Str+4 Slay+4}
   (You found it on level 3 of the Dungeon)

   [ring of slaying]

   Str+4:     It affects your strength (+4).
   Slay+4:    It affects your accuracy & damage with ranged weapons and melee
   (+4).
   rPois:     It protects you from poison MP+9: It affects your magic capacity
   (+9).
   Fly:       It grants you flight.
Talismans
 l - a dragon-blood talisman
Scrolls
 h - 2 scrolls of fog {unknown}
 j - 2 scrolls of identify {unknown}
 m - a scroll of fear {unknown}
 n - a scroll of vulnerability {unknown}
 p - a scroll of torment {unknown}
 r - a scroll of summoning {unknown}
 s - a scroll of enchant weapon {unknown}
 v - a scroll of poison {unknown}
Potions
 g - 3 potions of heal wounds {unknown}
 i - 3 potions of haste {unknown}
 k - 2 potions of mutation {unknown}
 o - a potion of invisibility {unknown}
 q - a potion of attraction {unknown}
 u - a potion of degeneration {unknown}
 w - a potion of lignification {unknown}


   Skills:
 + Level 3.5 Fighting
 + Level 4.1 Maces & Flails
 + Level 2.2 Throwing
 + Level 3.2 Dodging
 * Level 1.0 Unarmed Combat
 * Level 0.8 Shapeshifting


You had 3 spell levels left.
You didn't know any spells.
Your spell library was empty.

Dungeon Overview and Level Annotations

Branches:
Dungeon (3/15)

Altars:
Yredelemnul


Innate Abilities, Weirdness & Mutations

You are too large for most types of armour.
You have a pair of small horns on your head.
You have tough skin. (AC +1)
You gain doubled healing and magic from potions.
Whenever you drink a healing potion, you attack all around you.


Message History

You barely miss the gnoll bouda. The gnoll hits you with a +0 spear!
The gnoll bouda hits you with a +0 whip!
The gnoll barely misses you.
You hit the gnoll bouda.
The gnoll bouda is lightly wounded.
The gnoll bouda hits you with a +0 whip!
The gnoll hits you with a +0 spear.
The gnoll bouda hits you with a +0 whip.
* * * LOW HITPOINT WARNING * * *
You are too injured to fight recklessly!
You are too injured to fight recklessly!
You are too injured to fight recklessly!
You are too injured to fight recklessly!
You are too injured to fight recklessly!
You are too injured to fight recklessly!
You are too injured to fight recklessly!
You are too injured to fight recklessly!
You are too injured to fight recklessly!
You are too injured to fight recklessly!
You are too injured to fight recklessly!
You are too injured to fight recklessly!
You are too injured to fight recklessly!
You are too injured to fight recklessly!
You are too injured to fight recklessly!
You are too injured to fight recklessly!
Unknown command.
You barely miss the gnoll. The gnoll barely misses you.
The gnoll bouda hits you but does no damage.
You thump the gnoll!
The gnoll is severely wounded.
The gnoll hits you with a +0 spear.
* * * LOW HITPOINT WARNING * * *
The gnoll bouda hits you with a +0 whip.
* * * LOW HITPOINT WARNING * * *
You hit the gnoll.
You kill the gnoll!
The gnoll bouda gazes fiercely through you!
You feel your attacks grow feeble.
The gnoll bouda hits you with a +0 whip!
You die...

#+############
#.....g@'....+
#.....))#....#
#.......#....#
##########''''######
...................(
~~≈~~~≈≈≈~....~≈~~~~
≈≈~≈≈≈≈≈≈~....~≈≈≈≈≈
~≈~~~≈~†≈~....~~~~≈~
.......)†.††.)......


You could see a gnoll bouda.

Vanquished Creatures
  4 gnolls (D:3)
  4 adders
  An orc (D:3)
  2 bats
  7 endoplasms
  3 goblins
  6 hobgoblins
  5 jackals
  2 kobolds
  A quokka (D:2)
  4 ball pythons
  3 frilled lizards
  5 rats
47 creatures vanquished.

Notes
Turn   | Place    | Note
-------+----------+-------------------------------------------
     0 | D:1      | lordive the Oni Gladiator began the quest for the Orb.
     0 | D:1      | Reached XP level 1. HP: 22/22 MP: 1/1
   244 | D:1      | Reached XP level 2. HP: 22/29 MP: 2/2
  1007 | D:2      | Reached XP level 3. HP: 25/36 MP: 3/3
  1213 | D:2      | Found a basalt altar of Yredelemnul.
  1915 | D:3      | Reached XP level 4. HP: 43/45 MP: 4/4
  2044 | D:3      | Identified the ring "Keq Adusk" {Fly rPois MP+9 Str+4
                  | Slay+4}
  2265 | D:3      | Reached skill level 4 in Maces & Flails
  2274 | D:3      | Reached skill level 1 in Unarmed Combat
  2308 | D:3      | Mangled by a gnoll bouda

Illustrated notes

Levels and vault maps discovered:
D:1:      sevenhm_arrival_forest_fort_small_5, layout_basic
D:2:      layout_loops_cross, basic_altar, kennysheep_generic_room_2
D:3:      lemuel_castle_with_subvaults [lemuel_castle_interior_carwin_3],
          layout_loops_corners, grunt_decor_one_mirror, kennysheep_small_spiral,
          minmay_tree_intersection

Skill      XL: |  1  2  3  4 |
---------------+-------------+-----
Dodging        | 3 |  3.2
Fighting       | 3 |  3.5
Maces & Flails | 4 |  4.1
Unarmed Combat | 1 |  1.0
Throwing       | |  2.2
Shapeshifting  | |  0.8

Action                     |  1- 3 |  4- 6 || total
---------------------------+-------+-------++-------
  Melee: Flail             |    79 |    33 ||   112
         Headbutt          |    10 |     2 ||    12
         Punch             |     1 |       ||     1
   Stab: Sleeping          |     1 |       ||     1
 Armour: Robe              |    39 |    28 ||    67
  Dodge: Dodged            |    32 |    18 ||    50
